[Event "Champions Showdown Kings Blitz 2019-E"]
[Site "Saint Louis"]
[Date "2019.02.22"]
[Round "4"]
[White "Shankland, Samuel"]
[Black "Rapport, Richard"]
[Result "1-0"]
[ECO "C44"]
[WhiteElo "2731"]
[BlackElo "2735"]
[Annotator "ChessBase"]
[PlyCount "91"]
[EventDate "2019.02.09"]
[EventType "match"]
[EventCountry "USA"]
[SourceTitle "playchess.com"]
[Source "ChessBase"]
[SourceQuality "1"]
[TimeControl "900+10"]

1. d4 d6 2. e4 Nf6 3. Bd3 Nc6 4. Nf3 e5 5. c3 Be7 6. O-O O-O 7. a3 a5 8. h3 Re8 9. Re1 Bf8 10. Nbd2 Bd7 11. Nf1 a4 12. Ng3 Na5 13. Be3 c5 14. Nd2 b5 15. f4 cxd4 16. cxd4 exd4 17. Bxd4 g6 18. Rc1 Bg7 19. Bc3 Rc8 20. Nf3 Nb3 21. Rc2 Nc5 22. Rd2 Nb3 23. Rde2 Bh6 24. f5 Bg7 25. Bc2 Qb6+ 26. Kh1 Nc5 27. e5 dxe5 28. Nxe5 Red8 29. Qc1 Be8 30. fxg6 hxg6 31. Qg5 Nd5 32. Nxg6 fxg6 33. Rxe8+ Rxe8 34. Qxd5+ Kh8 35. Rxe8+ Rxe8 36. Qf7 Rg8 37. Bxg6 Qe6 38. Bxg7+ Rxg7 39. Qf8+ Qg8 40. Qf6 Nd7 41. Qh4+ Rh7 42. Bxh7 Qxh7 43. Qd8+ Qg8 44. Qxd7 Qxg3 45. Qxb5 Qf4 46. Qh5+ 1-0

[Event "Champions Showdown Kings Blitz 2019-E"]
[Site "Saint Louis"]
[Date "2019.02.22"]
[Round "6"]
[White "Shankland, Samuel"]
[Black "Rapport, Richard"]
[Result "1-0"]
[ECO "E18"]
[WhiteElo "2731"]
[BlackElo "2735"]
[Annotator "RC"]
[PlyCount "115"]
[EventDate "2019.02.09"]
[EventType "match"]
[EventCountry "USA"]
[SourceTitle "playchess.com"]
[Source "ChessBase"]
[SourceQuality "1"]
[TimeControl "900+10"]

1. d4 Nf6 2. c4 e6 3. Nf3 b6 4. g3 Bb7 5. Bg2 Bb4+ 6. Bd2 Be7 7. Nc3 O-O 8. Bf4 Na6 9. O-O Ne4 10. Qa4 Nxc3 11. bxc3 Nb8 12. Rad1 d6 13. Qc2 f5 14. c5 Be4 15. Qb3 Qd7 16. cxd6 cxd6 17. d5 exd5 18. Nd4 Kh8 19. f3 Na6 20. fxe4 dxe4 21. Qe6 Qxe6 22. Nxe6 Rf6 23. Nd4 Rf7 24. Nb5 d5 25. Rxd5 Rc8 26. Be5 Kg8 27. Bd4 g6 28. Nxa7 Ra8 29. Nc6 Bc5 30. g4 Rc7 31. Ne5 Bxd4+ 32. cxd4 Nb4 33. Rd6 Nc2 34. gxf5 Ne3 35. fxg6 Nxf1 36. Bxe4 Rf8 37. gxh7+ Kg7 38. h8=Q+ Rxh8 39. Kxf1 Rxh2 40. Rd7+ Rxd7 41. Nxd7 Rh4 42. Bd3 Rxd4 43. Nxb6 Kf6 44. Nc4 Rd8 45. a4 Ke6 46. a5 Rf8+ 47. Ke1 Kd5 48. Kd2 Kd4 49. e3+ Kc5 50. Kc3 Kb5 51. e4 Kc5 52. a6 Rc8 53. Nd2 Kb6+ 54. Kd4 Rd8+ 55. Ke3 Kc5 56. Nf3 Re8 57. e5 Kd5 58. Be4+ 1-0

[Event "Champions Showdown Kings Blitz 2019-E"]
[Site "Saint Louis"]
[Date "2019.02.22"]
[Round "7"]
[White "Rapport, Richard"]
[Black "Shankland, Samuel"]
[Result "0-1"]
[ECO "D03"]
[WhiteElo "2735"]
[BlackElo "2731"]
[Annotator "ChessBase"]
[PlyCount "149"]
[EventDate "2019.02.09"]
[EventType "match"]
[EventCountry "USA"]
[SourceTitle "playchess.com"]
[Source "ChessBase"]
[SourceQuality "1"]
[TimeControl "900+10"]

1. d4 Nf6 2. c3 g6 3. Bg5 Bg7 4. Nd2 O-O 5. e3 d5 6. Ngf3 Nbd7 7. h3 Re8 8. Bf4 Nh5 9. Bh2 e5 10. dxe5 Nxe5 11. Be2 Nxf3+ 12. Nxf3 c6 13. O-O Qb6 14. Qb3 Nf6 15. Nd2 Be6 16. Rfd1 Nd7 17. a4 Nc5 18. Qa3 a5 19. Bd6 Nd7 20. Qb3 Bf5 21. Qxb6 Nxb6 22. Bc7 Nd7 23. Nf3 Nc5 24. Nd4 Bd7 25. Bd6 Ne4 26. Bf4 h6 27. Nb3 b6 28. Nd4 Rec8 29. Bd3 Nc5 30. Bc2 Ne6 31. Nxe6 Bxe6 32. Bb3 f5 33. Rac1 Kf7 34. h4 Bf6 35. Bxh6 Bxh4 36. Bf4 Bf6 37. Kf1 g5 38. Bg3 Ra7 39. Rd2 Re7 40. c4 d4 41. Rd3 c5 42. f4 dxe3 43. Rxe3 Bxb2 44. Rce1 Bd4 45. fxg5 Bxe3 46. Rxe3 Kg6 47. Bf4 Rce8 48. Kf2 Bg8 49. Rh3 Rh7 50. Rd3 Rhe7 51. Rd2 Re4 52. g3 Bxc4 53. Bd1 Bf7 54. Bf3 Rd4 55. Rb2 Rb4 56. Rd2 Rxa4 57. Bc6 Rd4 58. Rxd4 cxd4 59. Bxe8 Bxe8 60. Bc7 a4 61. Bxb6 d3 62. Ke3 Bb5 63. Bd8 a3 64. Bf6 a2 65. Kd2 Bc4 66. Ke3 Kh5 67. Kd2 Kg4 68. g6 Kxg3 69. g7 f4 70. Be5 Kg4 71. g8=Q+ Bxg8 72. Kxd3 f3 73. Ke3 Bc4 74. Kf2 Kf5 75. Bc3 0-1

[Event "Champions Showdown Kings Blitz 2019-E"]
[Site "Saint Louis"]
[Date "2019.02.22"]
[Round "8"]
[White "Shankland, Samuel"]
[Black "Rapport, Richard"]
[Result "1/2-1/2"]
[ECO "E81"]
[WhiteElo "2731"]
[BlackElo "2735"]
[Annotator "ChessBase"]
[PlyCount "112"]
[EventDate "2019.02.09"]
[EventType "match"]
[EventCountry "USA"]
[SourceTitle "playchess.com"]
[Source "ChessBase"]
[SourceQuality "1"]
[TimeControl "900+10"]

1. d4 Nf6 2. c4 g6 3. Nc3 Bg7 4. e4 d6 5. f3 c6 6. Be3 a6 7. c5 O-O 8. Nge2 b5 9. cxd6 exd6 10. Nf4 Nbd7 11. Be2 Re8 12. Qd2 Nb6 13. O-O Bb7 14. b3 Qe7 15. Bf2 Qf8 16. a4 b4 17. Nd1 a5 18. Nb2 Nfd7 19. Rac1 Rac8 20. Rfd1 Red8 21. Bh4 Re8 22. Bg3 Nf6 23. Bf2 Nfd7 24. Be3 Nf6 25. Nbd3 Nfd7 26. h4 c5 27. Nb2 cxd4 28. Bxd4 Nc5 29. Qe3 Bh6 30. Bxc5 Rxc5 31. Rxc5 dxc5 32. Bc4 Rd8 33. Rxd8 Qxd8 34. g3 Bg7 35. e5 Qd4 36. Qxd4 cxd4 37. e6 Nxc4 38. exf7+ Kxf7 39. Nxc4 Bxf3 40. Nxa5 Bd1 41. Kf2 h6 42. Ke1 Bf3 43. Nc4 g5 44. hxg5 hxg5 45. Nd3 Ke6 46. Nxb4 Bf8 47. Nd3 Be4 48. Kd2 Kd7 49. a5 Kc7 50. b4 Kc6 51. a6 Kb5 52. Nce5 Kxa6 53. Nd7 Bxd3 54. Kxd3 Bxb4 55. Kxd4 g4 56. Ne5 Be1 1/2-1/2